[ AOE2 MATCH · #506417116 ]
UnrankedByzantines vs Jurchens
Player's team · WIN
Rival team · LOSS
[ REPLAY ANALYSIS · EXTRACTED FROM THE RECORDED GAME ]
Feudal
10:35
Castle
25:01
Imperial
47:38
| APM avg | 56.9 |
| APM peak | 102 |
| eAPM avg | 25.9 |
| Villagers / military | 133 / 63 |
Focus
⚔️ 29.7% · 🌾 70.3%
Cavalry Archer ×37 · Camel Scout ×18 · Spearman ×6 · Monk ×2
Feudal
8:51
Castle
18:59
Imperial
44:03
| APM avg | 27.3 |
| APM peak | 69 |
| eAPM avg | 16.7 |
| Villagers / military | 111 / 102 |
Focus
⚔️ 36.1% · 🌾 63.9%
Fire Lancer ×57 · Steppe Lancer ×37 · Unknown (1911) ×6 · Iron Pagoda ×2 · Scout Cavalry ×2 · Cavalry Archer ×2
Match map
Initial resources + every placement click. Lines = walls · curves = elevation contours. ◆ gold · ⬟ stone · ● berries · ✦ relic · ◌ wall gap
Your base· ✓ Closed at 25:01 · 57t walls · 1 gate(s)
Grafter's base· Open — opponent sealed themselves in
Smoothed initial terrain · ◌ = detected wall gap · hover for details
Inputs per minute
— SUMMER - - Grafter
Build order — SUMMER
First 150 of 365 actions detected
| 0:01 | Queue | Villager (Male) |
| 0:01 | Queue | Villager (Male) |
| 0:02 | Queue | Villager (Male) |
| 0:03 | Build | House |
| 0:05 | Queue | Villager (Male) |
| 0:06 | Build | House |
| 1:28 | Queue | Villager (Male) |
| 1:57 | Build | Lumber Camp |
| 2:01 | Queue | Villager (Male) |
| 2:18 | Queue | Villager (Male) |
| 2:18 | Queue | Villager (Male) |
| 2:53 | Queue | Villager (Male) |
| 2:53 | Queue | Villager (Male) |
| 3:06 | Queue | Villager (Male) |
| 3:06 | Queue | Villager (Male) |
| 3:46 | Build | House |
| 3:50 | Queue | Villager (Male) |
| 3:50 | Queue | Villager (Male) |
| 4:13 | Queue | Villager (Male) |
| 4:21 | Build | House |
| 4:37 | Queue | Villager (Male) |
| 4:47 | Queue | Villager (Male) |
| 4:48 | Queue | Villager (Male) |
| 5:30 | Queue | Villager (Male) |
| 5:54 | Queue | Villager (Male) |
| 5:54 | Queue | Villager (Male) |
| 6:13 | Queue | Villager (Male) |
| 6:15 | Build | Mill |
| 6:16 | Queue | Villager (Male) |
| 6:17 | Queue | Villager (Male) |
| 6:20 | Queue | Villager (Male) |
| 6:21 | Queue | Villager (Male) |
| 6:21 | Queue | Villager (Male) |
| 6:35 | Queue | Villager (Male) |
| 6:35 | Queue | Villager (Male) |
| 7:21 | Queue | Villager (Male) |
| 7:53 | Research | Loom |
| 7:54 | Research | Feudal Age |
| 8:18 | Build | Lumber Camp |
| 8:33 | Queue | Villager (Male) |
| 8:43 | Queue | Villager (Male) |
| 9:13 | Build | Barracks |
| 9:22 | Build | Palisade Wall |
| 9:30 | Build | Palisade Wall |
| 9:39 | Build | Palisade Wall |
| 10:14 | Build | Palisade Wall |
| 10:17 | Queue | Villager (Male) |
| 10:35 | Age | Feudal Age |
| 10:45 | Queue | Villager (Male) |
| 10:58 | Queue | Villager (Male) |
| 11:01 | Build | Mining Camp |
| 11:07 | Queue | Villager (Male) |
| 11:14 | Build | Farm |
| 11:29 | Queue | Villager (Male) |
| 11:34 | Build | Farm |
| 11:38 | Research | Double-Bit Axe |
| 11:38 | Research | Double-Bit Axe |
| 11:51 | Queue | Spearman |
| 11:51 | Queue | Spearman |
| 11:54 | Build | House |
| 12:01 | Build | House |
| 12:04 | Build | Farm |
| 12:11 | Build | House |
| 12:13 | Queue | Spearman |
| 12:21 | Build | Farm |
| 12:22 | Queue | Villager (Male) |
| 12:22 | Queue | Villager (Male) |
| 12:36 | Build | Stone Wall |
| 12:44 | Queue | Spearman |
| 12:50 | Build | Farm |
| 13:01 | Build | House |
| 13:02 | Queue | Villager (Male) |
| 13:04 | Queue | Spearman |
| 13:16 | Build | Farm |
| 13:25 | Build | Gate |
| 13:37 | Queue | Villager (Male) |
| 13:41 | Build | Palisade Wall |
| 13:45 | Build | Farm |
| 13:46 | Queue | Villager (Male) |
| 13:58 | Build | Stone Wall |
| 14:02 | Queue | Spearman |
| 14:05 | Build | Farm |
| 14:05 | Build | Farm |
| 14:06 | Queue | Villager (Male) |
| 14:06 | Queue | Villager (Male) |
| 14:22 | Build | Outpost |
| 14:42 | Build | Outpost |
| 14:46 | Queue | Villager (Male) |
| 14:48 | Build | Mining Camp |
| 14:48 | Queue | Villager (Male) |
| 15:10 | Build | Outpost |
| 15:13 | Queue | Villager (Male) |
| 15:16 | Queue | Villager (Male) |
| 15:22 | Build | House |
| 15:25 | Queue | Villager (Male) |
| 15:26 | Queue | Villager (Male) |
| 15:44 | Queue | Villager (Male) |
| 15:49 | Build | Watch Tower |
| 16:05 | Queue | Villager (Male) |
| 16:06 | Queue | Villager (Male) |
| 16:07 | Queue | Villager (Male) |
| 16:07 | Queue | Villager (Male) |
| 16:08 | Queue | Villager (Male) |
| 16:21 | Build | House |
| 16:25 | Build | Palisade Wall |
| 16:25 | Build | Palisade Wall |
| 16:26 | Build | Palisade Wall |
| 16:26 | Build | Palisade Wall |
| 16:26 | Build | Palisade Wall |
| 16:26 | Build | Palisade Wall |
| 16:27 | Build | Palisade Wall |
| 16:27 | Build | Palisade Wall |
| 16:27 | Build | Palisade Wall |
| 16:28 | Build | Palisade Wall |
| 16:36 | Build | Farm |
| 16:41 | Build | Farm |
| 16:48 | Queue | Villager (Male) |
| 16:51 | Build | House |
| 16:53 | Queue | Villager (Male) |
| 16:59 | Build | Farm |
| 17:09 | Build | Watch Tower |
| 17:12 | Build | Stone Wall |
| 17:12 | Build | Stone Wall |
| 17:13 | Build | Stone Wall |
| 17:14 | Build | Stone Wall |
| 17:21 | Build | Blacksmith |
| 17:32 | Build | Farm |
| 17:34 | Queue | Villager (Male) |
| 17:42 | Build | Stone Wall |
| 17:43 | Build | Stone Wall |
| 17:43 | Build | Stone Wall |
| 17:44 | Build | Stone Wall |
| 18:05 | Build | Farm |
| 18:06 | Queue | Villager (Male) |
| 18:27 | Research | Fletching |
| 18:32 | Build | Watch Tower |
| 18:37 | Build | Palisade Wall |
| 19:14 | Queue | Villager (Male) |
| 19:16 | Build | Farm |
| 19:21 | Build | Farm |
| 19:23 | Build | Farm |
| 19:26 | Research | Wheelbarrow |
| 19:56 | Build | Palisade Wall |
| 19:56 | Build | Palisade Wall |
| 19:57 | Build | Palisade Wall |
| 19:57 | Build | Palisade Wall |
| 19:57 | Build | Palisade Wall |
| 20:08 | Queue | Villager (Male) |
| 20:09 | Build | Farm |
| 20:21 | Build | Outpost |
Build order — Grafter
First 150 of 373 actions detected
| 0:01 | Queue | Villager (Male) |
| 0:01 | Queue | Villager (Male) |
| 0:02 | Build | House |
| 0:05 | Build | House |
| 0:05 | Queue | Villager (Male) |
| 0:13 | Queue | Villager (Male) |
| 1:27 | Queue | Villager (Male) |
| 1:36 | Queue | Villager (Male) |
| 2:08 | Build | Lumber Camp |
| 2:09 | Queue | Villager (Male) |
| 2:40 | Queue | Villager (Male) |
| 3:04 | Build | House |
| 3:07 | Build | Palisade Wall |
| 3:07 | Build | Palisade Wall |
| 3:08 | Build | Palisade Wall |
| 3:12 | Queue | Villager (Male) |
| 3:14 | Queue | Villager (Male) |
| 3:56 | Queue | Villager (Male) |
| 4:28 | Queue | Villager (Male) |
| 4:29 | Queue | Villager (Male) |
| 5:14 | Build | Mill |
| 5:23 | Queue | Villager (Male) |
| 5:23 | Queue | Villager (Male) |
| 5:27 | Queue | Villager (Male) |
| 5:30 | Queue | Villager (Male) |
| 6:00 | Research | Loom |
| 6:38 | Research | Feudal Age |
| 7:10 | Build | Lumber Camp |
| 8:31 | Build | Barracks |
| 8:41 | Build | House |
| 8:51 | Age | Feudal Age |
| 9:03 | Queue | Villager (Male) |
| 9:03 | Queue | Villager (Male) |
| 9:05 | Research | Double-Bit Axe |
| 9:37 | Build | Stable |
| 9:40 | Build | Palisade Wall |
| 9:41 | Queue | Villager (Male) |
| 9:45 | Queue | Villager (Male) |
| 10:12 | Build | Farm |
| 10:24 | Queue | Scout Cavalry |
| 10:44 | Queue | Villager (Male) |
| 10:49 | Build | Blacksmith |
| 10:51 | Build | House |
| 10:55 | Build | House |
| 10:58 | Queue | Villager (Male) |
| 11:07 | Build | Farm |
| 11:09 | Build | Farm |
| 11:21 | Build | Palisade Wall |
| 11:24 | Build | Palisade Wall |
| 11:28 | Queue | Scout Cavalry |
| 11:51 | Queue | Villager (Male) |
| 11:52 | Queue | Villager (Male) |
| 11:52 | Queue | Villager (Male) |
| 12:01 | Build | Farm |
| 12:02 | Queue | Villager (Male) |
| 12:17 | Queue | Villager (Male) |
| 12:22 | Build | Farm |
| 12:23 | Build | Farm |
| 12:26 | Build | Farm |
| 12:30 | Build | Farm |
| 12:33 | Build | Farm |
| 12:33 | Queue | Villager (Male) |
| 12:50 | Build | Farm |
| 12:52 | Queue | Villager (Male) |
| 13:20 | Build | Market |
| 13:24 | Build | Palisade Wall |
| 13:26 | Queue | Villager (Male) |
| 13:28 | Queue | Villager (Male) |
| 13:32 | Build | Farm |
| 13:37 | Build | Farm |
| 14:10 | Build | Farm |
| 14:16 | Build | Farm |
| 14:44 | Build | Farm |
| 14:49 | Build | Farm |
| 15:01 | Build | Mining Camp |
| 15:02 | Queue | Villager (Male) |
| 15:13 | Build | House |
| 15:16 | Build | House |
| 15:53 | Queue | Villager (Male) |
| 15:53 | Queue | Villager (Male) |
| 16:19 | Research | Castle Age |
| 16:55 | Build | Archery Range |
| 16:59 | Build | House |
| 17:17 | Research | Horse Collar |
| 17:40 | Build | Archery Range |
| 17:49 | Build | Palisade Wall |
| 18:59 | Age | Castle Age |
| 19:05 | Queue | Cavalry Archer |
| 19:05 | Queue | Cavalry Archer |
| 19:07 | Queue | Villager (Male) |
| 19:07 | Queue | Villager (Male) |
| 19:27 | Queue | Steppe Lancer |
| 19:28 | Queue | Steppe Lancer |
| 19:51 | Queue | Steppe Lancer |
| 19:54 | Queue | Unit 1911 |
| 20:38 | Queue | Unit 1911 |
| 20:39 | Queue | Unit 1911 |
| 20:39 | Queue | Unit 1911 |
| 20:39 | Queue | Unit 1911 |
| 20:49 | Queue | Villager (Male) |
| 20:49 | Queue | Villager (Male) |
| 21:13 | Queue | Steppe Lancer |
| 21:14 | Queue | Steppe Lancer |
| 21:15 | Queue | Villager (Male) |
| 21:31 | Build | Mining Camp |
| 21:32 | Queue | Villager (Male) |
| 21:32 | Queue | Villager (Male) |
| 22:14 | Build | Siege Workshop |
| 22:15 | Queue | Villager (Male) |
| 22:18 | Build | House |
| 22:20 | Build | House |
| 22:27 | Build | Town Center |
| 22:30 | Queue | Villager (Male) |
| 22:31 | Queue | Villager (Male) |
| 23:12 | Build | Farm |
| 23:13 | Build | Farm |
| 23:13 | Build | Farm |
| 23:44 | Queue | Villager (Male) |
| 23:53 | Queue | Villager (Male) |
| 23:53 | Queue | Villager (Male) |
| 23:55 | Queue | Steppe Lancer |
| 23:55 | Queue | Steppe Lancer |
| 24:36 | Queue | Iron Pagoda |
| 24:51 | Queue | Villager (Male) |
| 24:51 | Queue | Villager (Male) |
| 25:39 | Queue | Villager (Male) |
| 25:40 | Queue | Villager (Male) |
| 25:44 | Research | Bow Saw |
| 25:51 | Queue | Steppe Lancer |
| 25:51 | Queue | Steppe Lancer |
| 25:51 | Queue | Steppe Lancer |
| 25:51 | Queue | Steppe Lancer |
| 25:53 | Research | Scale Barding Armor |
| 25:59 | Build | House |
| 26:00 | Build | House |
| 26:01 | Build | House |
| 26:01 | Build | House |
| 26:03 | Queue | Villager (Male) |
| 26:58 | Queue | Unit 1911 |
| 27:03 | Queue | Steppe Lancer |
| 27:03 | Queue | Steppe Lancer |
| 27:03 | Queue | Steppe Lancer |
| 27:19 | Queue | Villager (Male) |
| 27:19 | Queue | Villager (Male) |
| 27:24 | Build | Farm |
| 27:25 | Build | Farm |
| 27:25 | Build | Farm |
| 27:25 | Build | Farm |
| 27:26 | Build | Farm |
| 27:26 | Build | Farm |
Match timeline
| 3:07 | Grafter · wall_segment Palisade Wall x1 |
| 3:07 | Grafter · wall_segment Palisade Wall x1 |
| 3:08 | Grafter · wall_segment Palisade Wall x1 |
| 8:31 | Grafter · first_building Barracks |
| 8:51 | Grafter · age_up feudal |
| 9:13 | SUMMER · first_building Barracks |
| 9:22 | SUMMER · wall_segment Palisade Wall x10 |
| 9:30 | SUMMER · wall_segment Palisade Wall x13 |
| 9:37 | Grafter · first_building Stable |
| 9:39 | SUMMER · wall_segment Palisade Wall x11 |
| 9:40 | Grafter · wall_segment Palisade Wall x1 |
| 10:14 | SUMMER · wall_segment Palisade Wall x1 |
| 10:35 | SUMMER · age_up feudal |
| 11:21 | Grafter · wall_segment Palisade Wall x1 |
| 11:24 | Grafter · wall_segment Palisade Wall x8 |
| 12:36 | SUMMER · wall_segment Stone Wall x1 |
| 13:24 | Grafter · wall_segment Palisade Wall x1 |
| 13:41 | SUMMER · wall_segment Palisade Wall x1 |
| 13:58 | SUMMER · wall_segment Stone Wall x1 |
| 16:10 | Grafter · first_market_sell 100 wood |
| 16:25 | SUMMER · wall_segment Palisade Wall x1 |
| 16:25 | SUMMER · wall_segment Palisade Wall x2 |
| 16:26 | SUMMER · wall_segment Palisade Wall x1 |
| 16:26 | SUMMER · wall_segment Palisade Wall x1 |
| 16:26 | SUMMER · wall_segment Palisade Wall x1 |
| 16:26 | SUMMER · wall_segment Palisade Wall x1 |
| 16:27 | SUMMER · wall_segment Palisade Wall x1 |
| 16:27 | SUMMER · wall_segment Palisade Wall x1 |
| 16:27 | SUMMER · wall_segment Palisade Wall x1 |
| 16:28 | SUMMER · wall_segment Palisade Wall x1 |
| 16:55 | Grafter · first_building Archery Range |
| 17:12 | SUMMER · wall_segment Stone Wall x1 |
| 17:12 | SUMMER · wall_segment Stone Wall x1 |
| 17:13 | SUMMER · wall_segment Stone Wall x1 |
| 17:14 | SUMMER · wall_segment Stone Wall x1 |
| 17:42 | SUMMER · wall_segment Stone Wall x2 |
| 17:43 | SUMMER · wall_segment Stone Wall x1 |
| 17:43 | SUMMER · wall_segment Stone Wall x1 |
| 17:44 | SUMMER · wall_segment Stone Wall x1 |
| 17:49 | Grafter · wall_segment Palisade Wall x7 |
| 18:37 | SUMMER · wall_segment Palisade Wall x1 |
| 18:59 | Grafter · age_up castle |
| 19:56 | SUMMER · wall_segment Palisade Wall x1 |
| 19:56 | SUMMER · wall_segment Palisade Wall x1 |
| 19:57 | SUMMER · wall_segment Palisade Wall x1 |
| 19:57 | SUMMER · wall_segment Palisade Wall x1 |
| 19:57 | SUMMER · wall_segment Palisade Wall x1 |
| 22:14 | Grafter · first_building Siege Workshop |
| 25:01 | SUMMER · age_up castle |
| 25:16 | SUMMER · first_building Stable |
| 27:03 | SUMMER · wall_segment Palisade Wall x1 |
| 27:43 | SUMMER · wall_segment Palisade Wall x1 |
| 30:46 | SUMMER · wall_segment Palisade Wall x7 |
| 34:53 | SUMMER · wall_segment Palisade Wall x1 |
| 37:26 | SUMMER · first_building Archery Range |
| 37:36 | Grafter · wall_segment Palisade Wall x1 |
| 38:21 | Grafter · first_building Castle |
| 41:04 | SUMMER · first_building Monastery |
| 44:03 | Grafter · age_up imperial |
| 47:38 | SUMMER · age_up imperial |
| 47:50 | SUMMER · first_building Siege Workshop |
| 48:38 | Grafter · resign |
[ AI ANALYSIS · 1 CREDIT ]
What really happened in this match?
Wolo.gg analyzes every decision: build order, eco, micro, common mistakes by bracket. Personalized analysis on WhatsApp or Discord in 30 seconds.
Civ guide
Byzantines
Perfil
Jugador #25845906